 Dungeon Crawl Stone Soup version 0.28-a0-1080-g05a166d0ed (webtiles) character file.

Game seed: 8998420889137602569

5728 Redcow54321 the Basher (level 10, -6/83 HPs)
             Began as a Demonspawn Abyssal Knight on Dec 9, 2021.
             Was an Elder of Lugonu.
             Mangled by a two-headed ogre (24 damage)
             ... on level 9 of the Dungeon.
             The game lasted 00:18:57 (12912 turns).

Redcow54321 the Basher (Demonspawn Abyssal Knight) Turns: 12912, Time: 00:18:58

Health: -6/83      AC:  7    Str: 22    XL:     10   Next: 48%
Magic:  11/11      EV:  8    Int: 17    God:    Lugonu [****..]
Gold:   646        SH: 10    Dex: 14    Spells: 9/9 levels left

rFire   + . .      SeeInvis .   c - +4 flail of Havoc {vorpal, rF+ rN+++ Will+ Str-2}
rCold   . . .      Faith    .   s - +1 kite shield "Juacaor" {rPois}
rNeg    + + +      Spirit   .   A - +0 ring mail
rPois   +          Reflect  .   (helmet restricted)
rElec   .          Harm     .   l - +1 cloak
rCorr   .          Rampage  .   (no gloves)
Will    +....                   (no boots)
Stlth   +.........              (no amulet)
HPRegen 0.23/turn               o - +6 ring of intelligence
MPRegen 0.12/turn               b - +6 ring of strength

@: no status effects
A: hooves 1, horns 1, foul stench 1, demonic touch 2
a: Renounce Religion, Depart the Abyss, Bend Space, Banish, Corrupt


You were on level 9 of the Dungeon.
You worshipped Lugonu.
Lugonu was greatly pleased with you.
You visited 1 branch of the dungeon, and saw 10 of its levels.
You visited the Abyss 1 time.

You collected 646 gold pieces.

Inventory:

Hand Weapons
 c - the +4 flail of Havoc (weapon) {vorpal, rF+ rN+++ Will+ Str-2}
   (You found it on level 2 of the Abyss)

   It inflicts extra damage upon your enemies.
   Str:       It affects your strength (-2).
   rF:        It protects you from fire.
   rN:        It renders you almost immune to negative energy.
   Will:      It increases your willpower.
Missiles
 e - a throwing net
Armour
 l - a +1 cloak (worn)
 s - the +1 kite shield "Juacaor" (worn) {rPois}
   (You acquired it on level 6 of the Dungeon)

   rPois:     It protects you from poison.
 A - a +0 ring mail (worn)
Jewellery
 b - a +6 ring of strength (right hand)
 o - a +6 ring of intelligence (left hand)
 z - a ring of ice
Wands
 k - a wand of iceblast (25)
 v - a wand of flame (9)
 y - a wand of paralysis (12)
Scrolls
 a - a scroll of magic mapping
 g - a scroll of vulnerability
 i - 2 scrolls of identify
 j - a scroll of summoning
 n - a scroll of immolation
 p - a scroll of enchant weapon
 r - 2 scrolls of teleportation
 u - a scroll of acquirement
Potions
 f - 2 potions of flight
 h - 5 potions of cancellation
 q - 2 potions of curing
 t - 2 potions of brilliance
 x - a potion of lignification
Miscellaneous
 d - a phial of floods


   Skills:
 * Level 9.4 Fighting
 - Level 1.7 Long Blades
 * Level 11.1 Maces & Flails
 - Level 1.7 Armour
 - Level 0.8 Dodging
 * Level 4.0 Shields
 - Level 2.4 Invocations


You had 9 spell levels left.
You didn't know any spells.
Your spell library contained the following spells:

 Spells                   Type           Power      Damage    Failure   Level
 Apportation              Tloc           0%         N/A       83%         1
 Conjure Flame            Conj/Fire      0%         6-21      99%         3
 Dazzling Flash           Conj/Hex       0%         N/A       99%         3
 Ignite Poison            Fire/Tmut/Pois 0%         N/A       99%         3
 Stone Arrow              Conj/Erth      0%         3d7       99%         3
 Animate Armour           Summ/Erth      0%         N/A       100%        4
 Iskenderun's Mystic Bla  Conj/Tloc      0%         2d3       100%        4
 Sticky Flame             Conj/Fire      0%         2d3       100%        4
 Alistair's Intoxication  Tmut/Pois      0%         N/A       100%        5
 Starburst                Conj/Fire      0%         6d3       100%        6
 Lehudib's Crystal Spear  Conj/Erth      0%         10d2      100%        8


Dungeon Overview and Level Annotations

Branches:
Dungeon (10/15)            Temple (0/1) D:7            Lair (0/6) D:8
    Orc (0/2) D:9

Altars:
The Shining One

Shops:
D:7 *   D:9 *

Annotations:
D:8 3 runed translucent doors, Atlas's ghost, novice FeTm


Innate Abilities, Weirdness & Mutations

You have large cloven feet.
You have a pair of small horns on your head.
You may rarely emit foul miasma when damaged in melee.
Your touch may inflict irresistible damage on your foes.


Message History

You kill the orc warrior!
Lugonu accepts your kill.
Things that are here:
a +0 trident; a +0 plate armour; an orc corpse A boulder beetle comes into view.
You feel much better.
The boulder beetle leaps!
You see here a howler monkey corpse.
The boulder beetle leaps!
You see here a howler monkey corpse.
Things that are here:
a +0 long sword; a +0 plate armour; an orc corpse
Things that are here:
a +0 trident; a +0 plate armour; an orc corpse A boulder beetle is nearby!
A two-headed ogre comes into view. It is wielding two +0 giant clubs.
The boulder beetle bites you!!
Things that are here:
a +0 trident; a +0 plate armour; an orc corpse You are too injured to fight recklessly!
You are too injured to fight recklessly!
You are too injured to fight recklessly!
You are too injured to fight recklessly!
You sock the boulder beetle!
The boulder beetle is lightly wounded.
The boulder beetle bites you but does no damage.
You hit the boulder beetle but do no damage.
You kick the boulder beetle, but do no damage.
You headbutt the boulder beetle, but do no damage.
The boulder beetle is lightly wounded.
You block the boulder beetle's attack.
You thump the boulder beetle!
The boulder beetle is moderately wounded.
The boulder beetle leaps!
You sock the two-headed ogre!
The two-headed ogre is moderately wounded.
The two-headed ogre hits you with a +0 giant club!!
* * * LOW HITPOINT WARNING * * *
The two-headed ogre hits you with a +0 giant club!!
You die...

.........#.########(...###
#
###..#####.......#..#####
#
..#................###..#
#
......##..#####...##..##.#
# ......###.###...###..#+
## # ......#
#.#...###.O### #
......###...###..#.# #
(.....#...###..###†# #
#.#.....###..###@O)# #
#.#.....'..###...#.# #
#.###..)####!?...#.# #
..........###)(.B#.# #
#......##...###..#.# #
#........<....####.# #
#....#.##.###...###. #
#....#..#.#...#...## #
#....#.##.#.....#..### #


You could see a boulder beetle and a two-headed ogre.

Vanquished Creatures
  Harold (D:9)
  Grinder (D:3)
  Sigmund (D:3)
  A shadow (D:9)
  8 yaks
  A wyvern (D:9)
  A steam dragon (D:9)
  Menkaure (D:5)
  Duvessa (D:7)
  A water moccasin (D:7)
  2 sky beasts
  2 black bears
  An ice beast (D:4)
  2 ogres
  4 orc warriors
  2 centaurs
  A phantom (D:4)
  2 kobold brigands
  3 bullfrogs
  4 scorpions
  Dowan (D:7)
  A water moccasin skeleton (D:6)
  5 wights (D:7)
  3 howler monkeys (D:9)
  A centaur zombie (D:7)
  2 hounds
  An orc priest (D:4)
  Crazy Yiuf (D:5)
  2 jellies
  2 iguanas
  5 orc wizards
  Natasha (D:3)
  A hound skeleton (D:5)
  2 howler monkey zombies (D:8)
  5 adders
  A howler monkey skeleton (D:4)
  A shadow imp (D:6)
  A white imp (D:7)
  An adder skeleton (D:5)
  3 worms (D:2)
  5 dart slugs
  36 orcs
  12 bats
  10 endoplasms
  3 giant cockroaches (D:2)
  4 goblins
  13 hobgoblins
  3 jackals (D:4)
  2 quokkas
  9 ball pythons
  A ball python skeleton (D:2)
  A frilled lizard (D:1)
  10 kobolds
  6 rats
195 creatures vanquished.

Vanquished Creatures (others)
  15 fungi (D:8)
  16 plants (D:8)
31 creatures vanquished.

Grand Total: 226 creatures vanquished

Notes
Turn   | Place    | Note
-------+----------+-------------------------------------------
     0 | Abyss:1  | Redcow54321 the Demonspawn Abyssal Knight began the quest
                  | for the Orb.
     0 | Abyss:1  | Reached XP level 1. HP: 18/18 MP: 2/2
    44 | Abyss:2  | Found a corrupted altar of Lugonu.
    48 | Abyss:2  | Identified the +4 flail of Havoc {vorpal, rF+ rN+++ Will+
                  | Str-2}
   105 | Abyss:2  | Noticed a small abomination
   118 | D:1      | Escaped the Abyss
   493 | D:1      | Discovered your monstrous ancestry.
   493 | D:1      | Gained mutation: Your touch may inflict minor irresistible
                  | damage on your foes. [demonic ancestry]
   493 | D:1      | Reached XP level 2. HP: 24/24 MP: 3/3
   524 | D:1      | Reached * piety under Lugonu
   954 | D:1      | Found a faded altar of an unknown god.
  1074 | D:2      | Reached skill level 1 in Maces & Flails
  1135 | D:2      | You fall into a shaft and drop 2 floors!
  1225 | D:4      | Noticed a phantom
  1236 | D:4      | Killed a phantom
  1237 | D:4      | Reached skill level 2 in Maces & Flails
  1237 | D:4      | Gained mutation: Your touch may inflict irresistible damage
                  | on your foes. [demonic ancestry]
  1237 | D:4      | Reached XP level 3. HP: 9/31 MP: 4/4
  1237 | D:4      | Gained mutation: You may rarely emit foul miasma when
                  | damaged in melee. [demonic ancestry]
  1237 | D:4      | Reached XP level 4. HP: 11/38 MP: 5/5
  1488 | D:4      | Noticed an ice beast
  1501 | D:4      | Killed an ice beast
  1502 | D:4      | Reached skill level 5 in Fighting
  1502 | D:4      | Reached skill level 3 in Maces & Flails
  1502 | D:4      | Gained mutation: You have a pair of small horns on your
                  | head. [demonic ancestry]
  1502 | D:4      | Reached XP level 5. HP: 33/44 MP: 6/6
  1628 | D:5      | Entered Level 5 of the Dungeon
  1720 | D:5      | Reached XP level 6. HP: 17/51 MP: 7/7
  2215 | D:5      | Noticed Menkaure
  2225 | D:5      | Killed Menkaure
  2226 | D:5      | Reached skill level 4 in Maces & Flails
  2397 | D:5      | Gained mutation: You have large cloven feet. [demonic
                  | ancestry]
  2397 | D:5      | Reached XP level 7. HP: 32/57 MP: 8/8
  2692 | D:5      | Found a runed translucent door.
  2693 | D:5      | Noticed Crazy Yiuf
  2993 | D:5      | Killed Crazy Yiuf
  2994 | D:5      | Reached skill level 5 in Maces & Flails
  3796 | D:4      | Reached ** piety under Lugonu
  3960 | D:3      | Noticed Grinder
  4025 | D:3      | Killed Grinder
  4026 | D:3      | Reached skill level 6 in Maces & Flails
  4224 | D:3      | Noticed Sigmund
  4233 | D:3      | Killed Sigmund
  4234 | D:3      | Reached XP level 8. HP: 55/65 MP: 9/9
  4646 | D:3      | Noticed Natasha
  4660 | D:3      | Killed Natasha
  5251 | D:2      | Reached *** piety under Lugonu
  5673 | D:2      | Reached skill level 7 in Maces & Flails
  6471 | D:6      | Identified a scroll of acquirement
  6471 | D:6      | Acquired the +1 kite shield "Juacaor" {rPois}
  7374 | D:6      | Reached skill level 1 in Shields
  7651 | D:6      | Reached skill level 8 in Maces & Flails
  8213 | D:7      | Reached XP level 9. HP: 68/72 MP: 10/10
  8371 | D:7      | Found Atyadin's Elemental Accessories.
  8431 | D:7      | Found a staircase to the Ecumenical Temple.
  8791 | D:7      | Reached skill level 9 in Maces & Flails
  8998 | D:7      | Noticed Dowan
  8999 | D:7      | Noticed Duvessa
  9006 | D:7      | Killed Duvessa
  9020 | D:7      | Killed Dowan
  9543 | D:8      | Reached **** piety under Lugonu
  9776 | D:8      | HP: 3/75 [yak (4)]
  9778 | D:8      | Reached skill level 10 in Maces & Flails
 10798 | D:8      | Found a staircase to the Lair.
 10977 | D:8      | Found a runed translucent gate.
 10978 | D:8      | Found a runed translucent gate.
 10991 | D:8      | Reached XP level 10. HP: 54/82 MP: 11/11
 10993 | D:8      | Found a runed translucent gate.
 10994 | D:8      | Identified the +10 chain mail of Pandemonium {rC+ rCorr
                  | Str+3}
 10995 | D:8      | Noticed Atlas's ghost (novice FeTm)
 11218 | D:10     | Entered Level 10 of the Dungeon
 12083 | D:9      | Found Qadar's Gadget Gallery.
 12213 | D:9      | Noticed Harold
 12225 | D:9      | Killed Harold
 12226 | D:9      | Reached skill level 11 in Maces & Flails
 12414 | D:9      | Found a staircase to the Orcish Mines.
 12893 | D:9      | HP: 1/83 [orc warrior (17)]
 12897 | D:9      | Noticed a boulder beetle
 12907 | D:9      | Noticed a two-headed ogre
 12912 | D:9      | Mangled by a two-headed ogre

Illustrated notes

Levels and vault maps discovered:
D:1:      lemuel_arrival_muddy, layout_loops_cross,
          shapermc_ecumenical_altar_mp_highgroup, roderic_st_hans_cross,
          nicolae_concentric_dashed_squares_wild, grunt_decor_fettered,
          chequers_serial_rivers_micro_c
D:2:      wad_river_or_something, layout_basic
D:3:      layout_loops_corners, st_stairs_6, nrook_mini_backslash, uniq_grinder,
          uniq_sigmund, uniq_natasha
D:4:      layout_basic
D:5:      layout_loops_ring, mainiacjoe_overflow_chevrons, uniq_menkaure,
          uniq_crazy_yiuf_cottage
D:6:      cheibrodos_iron_armory, layout_basic, st_stairs_7
D:7:      layout_loops_ring, minmay_temple_entry_statues_pillars,
          nicolae_elemental_shop, uniq_duvessa
D:8:      layout_rooms, grunt_lair_entry_orc_guard_hut,
          biasface_ghost_orc_armoury
D:9:      minmay_the_grid_triangle_9x9_recursive_2
          [minmay_the_grid_triangle_9x9_prize_schism,
          minmay_the_grid_triangle_9x9_impossible_snake,
          minmay_the_grid_triangle_9x9_zippers_vertical,
          minmay_the_grid_triangle_9x9_cache], layout_basic, hiddenorc1_lemuel,
          nicolae_shop_gadgets, uniq_harold
D:10:     erik_rubicon_a, layout_basic, nicolae_benzene_ring

Skill      XL: |  1  2  3  4  5  6  7  8  9 10 |
---------------+-------------------------------+-----
Maces & Flails | 2 3 4 6 8 10 11 | 11.1
Fighting       | 4 5 6 7 8 9 |  9.4
Shields        | 1 3 4 |  4.0
Long Blades    | |  1.7
Armour         | |  1.7
Dodging        | |  0.8
Invocations    | |  2.4

Action                   |  1- 3 |  4- 6 |  7- 9 | 10-12 || total
-------------------------+-------+-------+-------+-------++-------
Melee: Flail             |    49 |    37 |   357 |    90 ||   533
       Touch             |     5 |     4 |    23 |       ||    32
       Headbutt          |       |     5 |    54 |    11 ||    70
       Kick              |       |       |    88 |    25 ||   113
Invok: Depart the Abyss  |     1 |       |       |       ||     1
  Use: Scroll            |       |       |    10 |     5 ||    15
       Potion            |       |       |     2 |     4 ||     6
 Stab: Sleeping          |     2 |       |     3 |       ||     5
Armor: Leather armour    |    11 |     4 |   105 |    14 ||   134
       Ring mail         |       |       |       |     4 ||     4
Dodge: Dodged            |    28 |    12 |   140 |    30 ||   210
Block: Kite shield       |       |       |    78 |    48 ||   126

Table legend: (Time is in decaauts)
 A = Elapsed time spent in this place.
 B = Non-inter-level travel time spent in this place.
 C = Inter-level travel time spent in this place.
 D = Time resting spent in this place.
 E = Time spent auto-exploring this place.
 F = Levels seen in this place.
 G = Mean time per level.
                   A        B        C        D        E       F      G
               +--------+--------+--------+--------+--------+-----+--------+
         Total |  13020 |  12603 |    417 |   2378 |   8573 |  12 | 1085.0 |
       Dungeon |  12902 |  12485 |    417 |   2378 |   8544 |  10 | 1290.2 |
         Abyss |    118 |    118 |      0 |      0 |     29 |   2 |   59.0 |
               +--------+--------+--------+--------+--------+-----+--------+

Top non-repeatable levels by time:
     D:6: 1895 daAuts
     D:5: 1530 daAuts
     D:7: 1503 daAuts
     D:4: 1439 daAuts
     D:8: 1360 daAuts
     D:9: 1246 daAuts
     D:1: 1196 daAuts
     D:2: 1163 daAuts
     D:3: 1061 daAuts
    D:10: 504 daAuts
 Abyss:2: 73 daAuts
 Abyss:1: 45 daAuts
